MID
WEST VIRGINIA POWER @ HARTFORD YARD GOATS
04/12/2044
 
TOP OF THE 1ST
West Virginia Power batting - Pitching for Hartford Yard Goats : RHP Gabe Stokes
Pitching: RHP Gabe Stokes
Batting: RHB Ron Corn 0-0: Ball
1-0: Foul Ball, location: 2F
1-1: Called Strike
1-2: Ball
2-2: Fly out, F9 (Flyball, 89D, EV 95.0 MPH)
Batting: LHB Micah Boshnjaku 0-0: Ball
1-0: Swinging Strike
1-1: Foul Ball, location: 2F
1-2: Ball
2-2: Strikes out swinging
Batting: SHB Francisco Gutierrez 0-0: Called Strike
0-1: Called Strike
0-2: Ball
1-2: Strikes out swinging
Top of the 1st over - 0 runs, 0 hits, 0 errors, 0 left on base; West Virginia 0 - Hartford 0
BOTTOM OF THE 1ST
Hartford Yard Goats batting - Pitching for West Virginia Power : LHP Ryan Rakoff
Pitching: LHP Ryan Rakoff
Batting: SHB Eddie Quinones 0-0: Ball
1-0: Ball
2-0: Ball
3-0: Base on Balls
Batting: RHB Justin Williams 0-0: Ball
1-0: Ball
2-0: Ball
3-0: Called Strike
3-1: Base on Balls
Eddie Quinones to second
Batting: RHB Max Schellekens 0-0: Called Strike
0-1: Foul Ball, location: 2F
0-2: Strikes out swinging
Batting: LHB Jeremy Brammer 0-0: Called Strike
0-1: Called Strike
0-2: Strikes out swinging
Batting: LHB Eddie Gonzalez 0-0: Called Strike
0-1: Foul Ball, location: 2F
0-2: Ball
1-2: Fielders Choice at 2nd, 5-4 (Groundball, 5, EV 89.4 MPH)
Bottom of the 1st over - 0 runs, 0 hits, 0 errors, 2 left on base; West Virginia 0 - Hartford 0
TOP OF THE 2ND
West Virginia Power batting - Pitching for Hartford Yard Goats : RHP Gabe Stokes
Batting: RHB Tom Primmer 0-0: Called Strike
0-1: Ball
1-1: Fly out, F7 (Flyball, 7, EV 83.8 MPH)
Batting: SHB Brad Day 0-0: Swinging Strike
0-1: Called Strike
0-2: Strikes out swinging
Batting: RHB Jose Lozano 0-0: Ground out 3-1 (Groundball, 34, EV 85.6 MPH)
Top of the 2nd over - 0 runs, 0 hits, 0 errors, 0 left on base; West Virginia 0 - Hartford 0
BOTTOM OF THE 2ND
Hartford Yard Goats batting - Pitching for West Virginia Power : LHP Ryan Rakoff
Batting: SHB Pete Perla 0-0: Ball
1-0: Fly out, F4 (Popup, 4, EV 65.0 MPH)
Batting: RHB Randy Breitbart 0-0: Ball
1-0: Ground out 6-3 (Groundball, 6, EV 81.3 MPH)
Batting: RHB Steve Waltenbery 0-0: Ball
1-0: Foul Ball, location: 2F
1-1: SINGLE (Line Drive, 9S, EV 106.9 MPH)
Batting: LHB Mick Knopp 0-0: Called Strike
0-1: Ground out 4-3 (Groundball, 13, EV 83.1 MPH)
Bottom of the 2nd over - 0 runs, 1 hit, 0 errors, 1 left on base; West Virginia 0 - Hartford 0
TOP OF THE 3RD
West Virginia Power batting - Pitching for Hartford Yard Goats : RHP Gabe Stokes
Batting: RHB Alfredo Medrano 0-0: Swinging Strike
0-1: Ball
1-1: Ball
2-1: Ball
3-1: Foul Ball, location: 2F
3-2: Ground out 5-3 (Groundball, 5S, EV 76.3 MPH)
Batting: RHB Yoshiaki Tsutsui 0-0: Foul Ball, location: 2F
0-1: Called Strike
0-2: SINGLE (Groundball, 56D, EV 98.1 MPH)
Batting: RHB John Beiswenger 0-0: Ball
1-0: Ball
2-0: Ball
3-0: Called Strike
3-1: Foul Ball, location: 2F
3-2: Strikes out swinging
Yoshiaki Tsutsui steals 2nd base
Batter strikes out.
Batting: RHB Ron Corn 0-0: Ball
1-0: Ball
2-0: Called Strike
2-1: Foul Ball, location: 2F
2-2: Ball
3-2: SINGLE (Groundball, 6MD, EV 104.4 MPH)
Yoshiaki Tsutsui to third
Runner from 3rd tries for Home, SAFE, throw by CF to home
Batting: LHB Micah Boshnjaku 0-0: Ball
Ron Corn steals 2nd base
1-0: Foul Ball, location: 2F
1-1: Ground out 5-3 (Groundball, 56, EV 76.9 MPH)
Top of the 3rd over - 1 run, 2 hits, 0 errors, 1 left on base; West Virginia 1 - Hartford 0
BOTTOM OF THE 3RD
Hartford Yard Goats batting - Pitching for West Virginia Power : LHP Ryan Rakoff
Batting: SHB Eddie Quinones 0-0: DOUBLE (Line Drive, 89XD, EV 100.0 MPH)
Batting: RHB Justin Williams 0-0: Called Strike
0-1: Ball
1-1: DOUBLE (Line Drive, 9LD, EV 106.3 MPH)
Eddie Quinones scores
Batting: RHB Max Schellekens 0-0: Ground out 6-3 (Groundball, 6, EV 78.1 MPH)
Justin Williams to third
Batting: LHB Jeremy Brammer 0-0: Foul Ball, location: 2F
0-1: Ball
1-1: Foul Ball, location: 2F
1-2: Ball
2-2: Strikes out looking
Batting: LHB Eddie Gonzalez 0-0: Called Strike
0-1: Ball
1-1: Ball
2-1: Ground out 6-3 (Groundball, 6, EV 100.0 MPH)
Bottom of the 3rd over - 1 run, 2 hits, 0 errors, 1 left on base; West Virginia 1 - Hartford 1
TOP OF THE 4TH
West Virginia Power batting - Pitching for Hartford Yard Goats : RHP Gabe Stokes
Batting: SHB Francisco Gutierrez 0-0: Ball
1-0: Swinging Strike
1-1: Foul Ball, location: 2F
1-2: Ball
2-2: Ball
3-2: Ground out 6-3 (Groundball, 56D, EV 103.8 MPH)
Batting: RHB Tom Primmer 0-0: Ball
1-0: Ball
2-0: Foul Ball, location: 2F
2-1: Foul Ball, location: 2F
2-2: Ground out 4-3 (Groundball, 4, EV 89.4 MPH)
Batting: SHB Brad Day 0-0: Ball
1-0: Fly out, F8 (Flyball, 8RD, EV 88.1 MPH)
Top of the 4th over - 0 runs, 0 hits, 0 errors, 0 left on base; West Virginia 1 - Hartford 1
BOTTOM OF THE 4TH
Hartford Yard Goats batting - Pitching for West Virginia Power : LHP Ryan Rakoff
Batting: SHB Pete Perla 0-0: Called Strike
0-1: Foul Ball, location: 2F
0-2: Foul Ball, location: 2F
0-2: Ball
1-2: Strikes out looking
Batting: RHB Randy Breitbart 0-0: Called Strike
0-1: Ball
1-1: Called Strike
1-2: Ball
2-2: Ball
3-2: Fly out, F9 (Line Drive, 9D, EV 93.1 MPH)
Batting: RHB Steve Waltenbery 0-0: Swinging Strike
0-1: Ground out 5-3 (Groundball, 25, EV 84.4 MPH)
Bottom of the 4th over - 0 runs, 0 hits, 0 errors, 0 left on base; West Virginia 1 - Hartford 1
TOP OF THE 5TH
West Virginia Power batting - Pitching for Hartford Yard Goats : RHP Gabe Stokes
Batting: RHB Jose Lozano 0-0: Ball
1-0: Ground out 4-3 (Groundball, 4, EV 87.5 MPH)
Batting: RHB Alfredo Medrano 0-0: Foul Ball, location: 2F
0-1: Swinging Strike
0-2: Ball
1-2: Foul Ball, location: 2F
1-2: Foul Ball, location: 2F
1-2: Ball
2-2: DOUBLE (Line Drive, 89XD, EV 106.9 MPH)
Batting: RHB Yoshiaki Tsutsui 0-0: Ball
1-0: Ground out 6-3 (Groundball, 6MS, EV 91.3 MPH)
Alfredo Medrano to third
Batting: RHB John Beiswenger 0-0: Ground out 1-3 (Groundball, 13, EV 70.6 MPH)
Top of the 5th over - 0 runs, 1 hit, 0 errors, 1 left on base; West Virginia 1 - Hartford 1
BOTTOM OF THE 5TH
Hartford Yard Goats batting - Pitching for West Virginia Power : LHP Ryan Rakoff
Batting: LHB Mick Knopp 0-0: Ball
1-0: Ball
2-0: Called Strike
2-1: Foul Ball, location: 2F
2-2: Strikes out swinging
Batting: SHB Eddie Quinones 0-0: Ball
1-0: Fly out, F8 (Line Drive, 8LM, EV 93.1 MPH)
Batting: RHB Justin Williams 0-0: Foul Ball, location: 2F
0-1: Foul Ball, location: 2F
0-2: Fly out, F9 (Flyball, 9D, EV 95.6 MPH)
Bottom of the 5th over - 0 runs, 0 hits, 0 errors, 0 left on base; West Virginia 1 - Hartford 1
TOP OF THE 6TH
West Virginia Power batting - Pitching for Hartford Yard Goats : RHP Gabe Stokes
Batting: RHB Ron Corn 0-0: Called Strike
0-1: Foul Ball, location: 2F
0-2: Ball
1-2: Foul Ball, location: 2F
1-2: Ball
2-2: Ground out 6-3 (Groundball, 6, EV 85.0 MPH)
Batting: LHB Micah Boshnjaku 0-0: Ball
1-0: Called Strike
1-1: Swinging Strike
1-2: Foul Ball, location: 2F
1-2: Strikes out swinging
Batting: SHB Francisco Gutierrez 0-0: Called Strike
0-1: Foul Ball, location: 2F
0-2: Ball
1-2: Ball
2-2: Ground out 6-3 (Groundball, 6S, EV 79.4 MPH)
Top of the 6th over - 0 runs, 0 hits, 0 errors, 0 left on base; West Virginia 1 - Hartford 1
BOTTOM OF THE 6TH
Hartford Yard Goats batting - Pitching for West Virginia Power : LHP Ryan Rakoff
Batting: RHB Max Schellekens 0-0: Swinging Strike
0-1: Ball
1-1: Ball
2-1: Ball
3-1: Foul Ball, location: 2F
3-2: DOUBLE (Line Drive, 9LM, EV 107.5 MPH)
Batting: LHB Jeremy Brammer 0-0: Ground out U3 (Groundball, 3, EV 81.9 MPH)
Max Schellekens to third
Batting: LHB Eddie Gonzalez 0-0: Called Strike
0-1: Ball
1-1: SINGLE (Groundball, 6M, EV 104.4 MPH)
Max Schellekens scores
Batting: SHB Pete Perla 0-0: Ball
1-0: Ball
2-0: Called Strike
2-1: Foul Ball, location: 2F
2-2: Foul Ball, location: 2F
2-2: Strikes out swinging
Batting: RHB Randy Breitbart 0-0: 2-RUN HOME RUN (Flyball, 7D, EV 96.9 MPH), Distance : 365 ft
Batting: RHB Steve Waltenbery 0-0: Swinging Strike
0-1: Ball
1-1: Swinging Strike
1-2: Ball
2-2: Foul Ball, location: 2F
2-2: SINGLE (Groundball, 4S, EV 67.5 MPH) (infield hit)
Batting: LHB Mick Knopp 0-0: Ball
1-0: Called Strike
1-1: Swinging Strike
1-2: Ball
2-2: Ball
3-2: Strikes out looking
Bottom of the 6th over - 3 runs, 4 hits, 0 errors, 1 left on base; West Virginia 1 - Hartford 4
TOP OF THE 7TH
West Virginia Power batting - Pitching for Hartford Yard Goats : RHP Gabe Stokes
Pitching: RHP Travis Porter
Batting: RHB Tom Primmer 0-0: Called Strike
0-1: Ball
1-1: Fly out, F8 (Flyball, 8RS, EV 91.9 MPH)
Batting: SHB Brad Day 0-0: Ball
1-0: Foul Ball, location: 2F
1-1: Ball
2-1: Called Strike
2-2: Foul Ball, location: 2F
2-2: SINGLE (Groundball, 34D, EV 100.0 MPH) (infield hit)
Batting: RHB Jose Lozano 0-0: Ball
Pickoff Throw to First - Error! E1
Brad Day to second
1-0: Foul Ball, location: 2F
1-1: Swinging Strike
Passed Ball!
Brad Day to third
1-2: Ball
2-2: Ball
3-2: Ground out 1-3 (Groundball, 13, EV 62.5 MPH)
Batting: RHB Alfredo Medrano 0-0: Called Strike
0-1: Ball
1-1: Foul Ball, location: 2F
1-2: Foul Ball, location: 2F
1-2: Ball
2-2: Foul Ball, location: 2F
2-2: Strikes out looking
Top of the 7th over - 0 runs, 1 hit, 1 error, 1 left on base; West Virginia 1 - Hartford 4
BOTTOM OF THE 7TH
Hartford Yard Goats batting - Pitching for West Virginia Power : LHP Ryan Rakoff
Batting: SHB Eddie Quinones 0-0: Called Strike
0-1: Ball
1-1: Foul Ball, location: 2F
1-2: Ball
2-2: Foul Ball, location: 2F
2-2: Ball
3-2: Foul Ball, location: 2F
3-2: Foul Ball, location: 2F
3-2: SOLO HOME RUN (Flyball, 78XD, EV 100.6 MPH), Distance : 393 ft
Pitching: RHP Bobby Detmer
Batting: RHB Justin Williams 0-0: Foul Ball, location: 2F
0-1: Ball
1-1: Foul Ball, location: 2F
1-2: Ball
2-2: Foul Ball, location: 2F
2-2: Ball
3-2: Ground out 3-1 (Groundball, 34S, EV 67.5 MPH)
Batting: RHB Max Schellekens 0-0: Foul Ball, location: 2F
0-1: Called Strike
0-2: Foul Ball, location: 2F
0-2: Ball
1-2: Ball
2-2: Ball
3-2: Base on Balls
Batting: LHB Jeremy Brammer 0-0: DOUBLE (Flyball, 89D, EV 107.5 MPH)
Max Schellekens to third
Batting: LHB Eddie Gonzalez 0-0: Ball
1-0: Ball
2-0: DOUBLE (Line Drive, 9LM, EV 100.6 MPH)
Max Schellekens scores
Jeremy Brammer scores
Batting: SHB Pete Perla 0-0: Ball
1-0: Foul Ball, location: 2F
1-1: Called Strike
1-2: Fly out, F7 (Flyball, 7D, EV 93.8 MPH)
Runner from 2nd tags up, SAFE at 3rd, no throw by LF
Batting: RHB Randy Breitbart 0-0: Ball
1-0: Swinging Strike
1-1: Foul Ball, location: 2F
1-2: Foul Ball, location: 2F
1-2: Strikes out swinging
Bottom of the 7th over - 3 runs, 3 hits, 0 errors, 1 left on base; West Virginia 1 - Hartford 7
TOP OF THE 8TH
West Virginia Power batting - Pitching for Hartford Yard Goats : RHP Travis Porter
Batting: RHB Yoshiaki Tsutsui 0-0: Swinging Strike
0-1: Foul Ball, location: 2F
0-2: Foul Ball, location: 2F
0-2: Strikes out swinging
Batting: RHB John Beiswenger 0-0: Called Strike
0-1: Swinging Strike
0-2: Strikes out swinging
Batting: RHB Ron Corn 0-0: Ball
1-0: Called Strike
1-1: Ball
2-1: Ball
3-1: Foul Ball, location: 2F
3-2: Strikes out swinging
Top of the 8th over - 0 runs, 0 hits, 0 errors, 0 left on base; West Virginia 1 - Hartford 7
BOTTOM OF THE 8TH
Hartford Yard Goats batting - Pitching for West Virginia Power : RHP Bobby Detmer
Batting: RHB Steve Waltenbery 0-0: Called Strike
0-1: Ball
1-1: Ground out 5-3 (Groundball, 56S, EV 73.8 MPH)
Batting: LHB Mick Knopp 0-0: Hit by Pitch
Batting: SHB Eddie Quinones 0-0: Ball
1-0: Ground out U3 (Groundball, 3, EV 105.0 MPH)
Mick Knopp to second
Batting: RHB Justin Williams 0-0: Ball
1-0: Called Strike
1-1: Ball
2-1: Foul Ball, location: 2F
2-2: Ground out 6-3 (Groundball, 6, EV 103.8 MPH)
Bottom of the 8th over - 0 runs, 0 hits, 0 errors, 1 left on base; West Virginia 1 - Hartford 7
TOP OF THE 9TH
West Virginia Power batting - Pitching for Hartford Yard Goats : RHP Travis Porter
Pitching: RHP Tony Barragan
Batting: LHB Micah Boshnjaku 0-0: Ball
1-0: Ball
2-0: Ball
3-0: Base on Balls
Batting: SHB Francisco Gutierrez 0-0: Ball
1-0: Called Strike
1-1: Fielders Choice at 2nd, 5-4 (Groundball, 56, EV 80.6 MPH)
Batting: RHB Tom Primmer 0-0: Called Strike
0-1: Ball
1-1: Ball
2-1: Ball
3-1: Foul Ball, location: 2F
3-2: Fly out, F7 (Flyball, 7LM, EV 93.1 MPH)
Batting: SHB Brad Day 0-0: Foul Ball, location: 2F
0-1: Foul Ball, location: 2F
0-2: Foul Ball, location: 2F
0-2: Ball
1-2: Strikes out looking
Top of the 9th over - 0 runs, 0 hits, 0 errors, 1 left on base; West Virginia 1 - Hartford 7
Thursday, March 31st , 2022 - OOTP Baseball 22.12 Build 89